Unix NetHack Version 3.7.0-71 Work-in-progress - last build Jan 31 2023 02:41:03 (7ba98a1283f2b7cec35fde026edb48fc825ab8ae,branch:master). Game began 2023-02-05 00:22:28, ended 2023-02-05 00:47:02. galadriel, chaotic female orcish Wizard +# # --------------- ------- # |%............| |.....+ # +.............| |.....| # ######### |...........@f| |{.<..| # #### # -------------.- |...... ## ## ### # |..(..| # ### # # -----.- # #### # ### ## ########################### ## #### #--.-----------+- # # #|..............| ############# #|..............| # ### #...............| . |._............| . ---------------- .. |.. --- Galadriel the Evoker St:8 Dx:18 Co:15 In:16 Wi:10 Ch:8 Chaotic S:372 Dlvl:6 $:86 HP:0(11) Pw:7(7) AC:8 Xp:1/9 T:3057 Latest messages: This door is locked. This door is locked. You are beginning to feel hungry. The door opens. You descend the stairs. You see here a large box. In what direction? . There is a large box here. Check it for traps? [ynq] (q) y You find no traps on the large box. There is a large box here. Check it for traps? y You find a trap on the large box! Disarm it? [ynq] (q) y You set it off! But luckily the gas cloud blows away! Hmmm, the large box turns out to be locked. You find a hidden passage. You hear water falling on coins. There is an altar to Thoth (neutral) here. You find a hidden door. This door is locked. This door is locked. This door is locked. This door is locked. You swap places with your large cat. Wizard needs food, badly! You don't have anything to eat. There appears to be no shopkeeper here to receive your payment. Are you sure you want to pray? [yn] (n) y You begin praying to Anhur. You are surrounded by a shimmering light. You finish your prayer. You feel that Anhur is well-pleased. Your stomach feels content. You swap places with your large cat. The door opens. KABOOM!! The door was booby-trapped! You stagger... You find an arrow trap. You feel a bit steadier now. Pick an object. In what direction? j Whoops... An arrow shoots out at you! You are almost hit by an arrow. In what direction? . Whoops... An arrow shoots out at you! You are hit by an arrow. You die... Do you want your possessions identified? [ynq] (y) q Inventory: Coins $ - 86 gold pieces Weapons A - a cursed +0 orcish dagger a - a blessed +1 quarterstaff (weapon in hands) Armor r - an uncursed +0 orcish helm (being worn) b - a blessed +0 cloak of magic resistance (being worn) Scrolls w - 2 uncursed scrolls of create monster i - an uncursed scroll of identify j - an uncursed scroll of light v - an uncursed scroll of light t - an uncursed scroll of remove curse k - an uncursed scroll of teleportation C - an uncursed scroll of teleportation Spellbooks m - an uncursed spellbook of confuse monster l - a blessed spellbook of force bolt Potions y - an uncursed potion of blindness f - an uncursed potion of gain energy p - an uncursed potion of hallucination h - an uncursed potion of restore ability B - an uncursed potion of restore ability Rings e - an uncursed ring of conflict d - an uncursed +1 ring of increase accuracy Wands o - a wand of make invisible (0:5) c - a wand of striking (0:5) q - a wand of teleportation (0:7) Tools x - an uncursed towel Gems/Stones s - an uncursed worthless piece of orange glass u - an uncursed worthless piece of violet glass Galadriel the Wizard's attributes: Background: You were an Evoker, a level 1 female orcish Wizard. You were chaotic, on a mission for Anhur who was opposed by Ptah (lawful) and Thoth (neutral). You were in the Dungeons of Doom, on level 6. You entered the dungeon 3057 turns ago. It was the midnight hour. There was a full moon in effect when your adventure ended. You had 9 experience points, 11 more were needed to attain level 2. Your score was 372 before end-of-game adjustments. Basics: You had 0 out of 11 hit points. You had all 7 energy points (spell power). Your armor class was 8. Your wallet contained 86 zorkmids. Autopickup was off. Final Characteristics: Your strength was 8 (limit:18/50). Your dexterity was 18 (limit:18). Your constitution was 15 (limit:18). Your intelligence was 16 (limit:16). Your wisdom was 10 (limit:16). Your charisma was 8 (limit:16). Final Status: You were not hungry. You were unencumbered. You were wielding a quarterstaff. You had basic skill with quarterstaff. Final Attributes: You were piously aligned. You were magic-protected. You were poison resistant. You had infravision. You were warded. You were lucky. You are dead. Miscellaneous: You never encountered a bones level. Total elapsed playing time was 24 minutes and 32 seconds. Major events: Turn 1: galadriel the chaotic female orcish Wizard entered the dungeon 2269: entered the Gnomish Mines 3057: killed by an arrow Vanquished creatures: a giant bat an acid blob a large kobold 3 yellow molds a gnome zombie 2 geckos 7 jackals a fox 3 goblins 2 sewer rats 6 grid bugs 2 bats a lichen 3 kobold zombies 5 newts 39 creatures vanquished. No species were genocided or became extinct. Voluntary challenges: You read items or engraved 2 times. You never engraved Elbereth. You never genocided any monsters. You never polymorphed an object. You never changed form. You used no wishes. Achievement: You entered the Gnomish Mines. The Dungeons of Doom: levels 1 to 6 Level 1: An altar, a sink. Level 2: Level 3: A fountain. Level 4: "vault" A fountain. Stairs down to The Gnomish Mines. Level 5: A fountain. Level 6: <- You were here. An altar, a fountain. Final resting place for you, killed by an arrow. The Gnomish Mines: Level 5: Game over: ---------- / \ / REST \ / IN \ / PEACE \ / \ | galadriel | | 86 Au | | killed by an | | arrow | | | | | | 2023 | *| * * * | * _________)/\\_//(\/(/\)/\//\/|_)_______ Goodbye galadriel the Wizard... You died in The Dungeons of Doom on dungeon level 6 with 364 points, and 86 pieces of gold, after 3057 moves. You were level 1 with a maximum of 11 hit points when you died.